 Dungeon Crawl Stone Soup version 0.27.1-3-gb3d3a73c9e (webtiles) character file.

Game seed: 15412049701420433691

272 Descartes the Shield-Bearer (level 6, 0/49 HPs)
             Began as a Formicid Wanderer on Oct 6, 2021.
             Killed from afar by Natasha (8 damage)
             ... with a magic dart
             ... on level 2 of the Dungeon.
             The game lasted 00:05:33 (2663 turns).

Descartes the Shield-Bearer (Formicid Wanderer)     Turns: 2663, Time: 00:05:34

Health: 0/49       AC: -5    Str: 19    XL:     6   Next: 48%
Magic:  6/6        EV:  6    Int: 13    God:
Gold:   107        SH: 10    Dex:  8    Spells: 5/5 levels left

rFire    . . .     SeeInvis +   h - +2 hand axe (vorpal)
rCold    + . .     Faith    .   c - +0 kite shield
rNeg     . . .     Spirit   .   t - +2 chain mail {rC+}
rPois    .         Reflect  .   (helmet unavailable)
rElec    .         Harm     .   (no cloak)
rCorr    .         Rampage  .   (no gloves)
Will     .....                  (no boots)
Stlth    ..........             (no amulet)
HPRegen  0.16/turn              d - +4 ring of protection
MPRegen  0.10/turn              (no ring)

@: corroded
A: permanent stasis, dig shafts and tunnels, antennae 3, four strong arms
a: Dig, Shaft Self


You were on level 2 of the Dungeon.
You visited 1 branch of the dungeon, and saw 3 of its levels.

You collected 107 gold pieces.

Inventory:

Hand Weapons
 a - a +0 mace
 h - a +2 vorpal hand axe (weapon)
 p - a +0 hunting sling
 s - a +0 hand axe
Missiles
 e - 116 stones
 j - 29 sling bullets
Armour
 c - a +0 kite shield (worn)
 t - a +2 chain mail of cold resistance (worn)
Jewellery
 d - a +4 ring of protection (left hand)
Scrolls
 f - a scroll of blinking {unknown}
 i - a scroll of noise {unknown}
 k - 2 scrolls of identify {unknown}
 n - a scroll of fog {unknown}
 q - a scroll of magic mapping {unknown}
 r - 2 scrolls of vulnerability {unknown}
Potions
 g - a potion of brilliance {unknown}
 l - a potion of mutation {unknown}


   Skills:
 - Level 4.3 Fighting
 - Level 1.0(1.2) Axes
 - Level 1.0(1.2) Maces & Flails
 - Level 2.1 Armour
 + Level 7.3 Shields
 - Level 1.1 Evocations


You had 5 spell levels left.
You didn't know any spells.
Your spell library contained the following spells:

 Spells                   Type           Power      Damage    Failure   Level
 Dazzling Flash           Conj/Hex       0%         N/A       100%        3
 Agony                    Necr           0%         N/A       100%        5
 Silence                  Hex/Air        0%         N/A       100%        5


Dungeon Overview and Level Annotations

Branches:
Dungeon (3/15)

Altars:
Nemelex Xobeh

Shops:
D:1 [=:   D:2 (

Annotations:
D:2 Natasha


Innate Abilities, Weirdness & Mutations

You cannot be hasted, slowed, berserked, paralysed or teleported.
You can dig through walls and to a lower floor.
You have a pair of large antennae on your head. (SInv)
Your four strong arms can wield two-handed weapons with a shield.


Message History

The jelly barely misses you.
You hit the jelly. The acid corrodes you!
Your hands burn!
The jelly is heavily wounded.
The jelly hits you. The acid corrodes you!
You are splashed with acid!
The jelly hits you but does no damage.
You hit the jelly but do no damage.
Your hands burn!
The jelly is heavily wounded.
The jelly barely misses you.
You hit the jelly. The acid corrodes you!
Your hands burn!
The jelly is severely wounded.
The jelly hits you.
You are splashed with acid!
* * * LOW HITPOINT WARNING * * *
You are too injured to fight recklessly!
You are too injured to fight recklessly!
You are too injured to fight recklessly!
You are too injured to fight recklessly!
You are too injured to fight recklessly!
You are too injured to fight recklessly!
You are too injured to fight recklessly!
You are too injured to fight recklessly!
You see here an iguana corpse.
You aren't carrying any items that you can evoke.
It was a potion of curing.
You feel better. The jelly hits you but does no damage.
You hit the jelly but do no damage. The acid corrodes you!
Your hands burn!
* * * LOW HITPOINT WARNING * * *
The jelly is severely wounded.
The jelly hits you.
* * * LOW HITPOINT WARNING * * *
The acid corrodes you!
You are splashed with acid.
* * * LOW HITPOINT WARNING * * *
You block the jelly's attack.
There is a stone staircase leading up here.
You climb upwards.
Level annotation: Natasha Natasha stares at you and mumbles some strange words.
Your stasis prevents you from being slowed.
Natasha stares at you and mumbles some strange words.
The magic dart hits you!
You die...

##....# #..##.# #..##.# #.....#
.∩....###################
..###...................#
..##...#...........####.#
...###.#.######....####.######
..># #..........@............####
.#.###...#.......................
)#.........###.........##.##.###.
.......#.### #.........##.##.# #.
.#.#####.# #......)........# #.
.#.# #.## #.........#...### ##
.#.# #..# #.......h.#...######
.#.# ##.# #.........#.........
...# #.# #.........#..<#####.


You could see Natasha.

Vanquished Creatures
  A black bear (D:2)
  A jelly (D:3)
  An iguana (D:3)
  Natasha (D:2)
  Robin (D:2)
  An adder (D:2)
  A worm (D:2)
  3 dart slugs
  An orc (D:3)
  8 bats
  6 endoplasms
  10 goblins
  10 hobgoblins
  10 kobolds
  2 quokkas
  3 ball pythons
  3 frilled lizards
  5 rats
68 creatures vanquished.

Vanquished Creatures (others)
  6 fungi (D:3)
  7 toadstools (D:3)
13 creatures vanquished.

Grand Total: 81 creatures vanquished

Notes
Turn   | Place    | Note
-------+----------+-------------------------------------------
     0 | D:1      | Descartes the Formicid Wanderer began the quest for the
                  | Orb.
     0 | D:1      | Descartes set off with the following items: a +0 mace, a +0
                  | ring mail, a +0 kite shield
     0 | D:1      | Reached XP level 1. HP: 20/20 MP: 1/1
   152 | D:1      | Reached skill level 2 in Shields
   168 | D:1      | Reached XP level 2. HP: 13/26 MP: 2/2
   248 | D:1      | Found Omiuhit's Antique Armour Shop.
   358 | D:1      | Reached skill level 3 in Shields
   505 | D:1      | Found a faded altar of an unknown god.
   551 | D:1      | Reached XP level 3. HP: 25/31 MP: 3/3
   674 | D:1      | Found Ikatef's Book Shoppe.
   690 | D:1      | Found Cuorac's Jewellery Shoppe.
   936 | D:2      | Found Pysychyq's Weapon Shoppe.
  1176 | D:2      | Reached skill level 4 in Shields
  1485 | D:2      | Noticed Natasha
  1499 | D:2      | Killed Natasha
  1500 | D:2      | Reached XP level 4. HP: 14/38 MP: 4/4
  1761 | D:2      | Noticed Robin
  1768 | D:2      | Reached skill level 5 in Shields
  1774 | D:2      | Killed Robin
  1789 | D:2      | Reached XP level 5. HP: 25/43 MP: 5/5
  2046 | D:3      | Noticed a black bear
  2062 | D:2      | Killed a black bear
  2063 | D:2      | Reached skill level 6 in Shields
  2063 | D:2      | Reached XP level 6. HP: 40/49 MP: 6/6
  2210 | D:3      | Reached skill level 7 in Shields
  2478 | D:2      | Noticed Natasha
  2494 | D:3      | Found a sparkling altar of Nemelex Xobeh.
  2663 | D:2      | Killed from afar by Natasha

Illustrated notes

Levels and vault maps discovered:
D:1:      amcnicky_arrival_underground_garden, layout_rooms, serial_shops,
          nicolae_shop_trees, nicolae_shop_crystal, nicolae_shop_statue_plus,
          hellmonk_ecumenical_altar_run_dry, minivault_11,
          kennysheep_flooded_box
D:2:      layout_loops_ring, serial_shops, nicolae_square_shop, uniq_natasha,
          uniq_robin
D:3:      cheibrodos_fertilizer, layout_basic, nicolae_overflow_hidden_temple,
          minmay_checkerbox

Skill      XL: |  1  2  3  4  5  6 |
---------------+-------------------+-----
Shields        | 2 3 4 5 6 7 |  7.3
Fighting       | |  4.3
Axes           | |  1.0
Maces & Flails | |  1.0
Armour         | |  2.1
Evocations     | |  1.1

Action                   |  1- 3 |  4- 6 || total
-------------------------+-------+-------++-------
Melee: Mace              |   112 |       ||   112
       Hand axe          |    46 |   100 ||   146
  Use: Potion            |       |     1 ||     1
Armor: Ring mail         |    86 |       ||    86
       Plate armour      |    25 |    63 ||    88
       Chain mail        |       |     7 ||     7
Dodge: Dodged            |    71 |    21 ||    92
Block: Kite shield       |    88 |    46 ||   134
